 Dungeon Crawl Stone Soup version 0.17-a0-1368-g6ab37f2 (webtiles) character file.

755 Volodja the Grappler (level 7, -1/66 HPs)
             Began as a Troll Monk on June 12, 2015.
             Slain by a gnoll
             ... wielding a +0 spear
              (4 damage)
             ... on level 4 of the Dungeon.
             The game lasted 00:08:22 (2716 turns).

Volodja the Grappler (Troll Monk)                   Turns: 2716, Time: 00:08:23

Health: -1/66      AC:  5    Str: 20    XL:     7   Next: 49%
Magic:  6/6        EV: 10    Int:  6    God:
Gold:   140        SH:  0    Dex: 14    Spells: 0 memorised, 6 levels left

rFire  . . .     SeeInvis .       - Unarmed
rCold  . . .     Clarity  .     a - +0 robe
rNeg   . . .     SustAt   .     (no shield)
rPois  .         Gourm    +     (helmet restricted)
rElec  .         Spirit   .     (no cloak)
rCorr  .         Warding  .     (gloves unavailable)
rMut   .         Stasis   .     (boots unavailable)
MR     .....                    (no amulet)
Stlth  ++........               (no ring)
                                (no ring)

@: not resistant to hostile enchantments, unstealthy
A: unfitting armour, claws 3, fast metabolism 3, gourmand, regeneration 2,
shaggy fur 1, tough skin 2
a: no special abilities


You were on level 4 of the Dungeon.
You were very full.

You visited 1 branch of the dungeon, and saw 4 of its levels.

You collected 220 gold pieces.
You spent 80 gold pieces at shops.

Inventory:

Missiles
 l - 14 poisoned needles
Armour
 a - a +0 robe (worn)
Jewellery
 n - a +3 ring of evasion {unknown}
 y - a +3 ring of strength {unknown}
Scrolls
 f - a scroll of magic mapping {unknown}
 h - a scroll of amnesia {unknown}
 i - 6 scrolls of identify
 m - 7 scrolls of remove curse {unknown}
 u - a scroll of blinking {unknown}
 v - a scroll of enchant weapon {unknown}
 w - 2 scrolls of teleportation {unknown}
Potions
 c - 6 potions of might
 d - a potion of cure mutation {unknown}
 e - a potion of resistance
 g - a potion of agility {unknown}
 j - a potion of degeneration {unknown}
 k - a potion of beneficial mutation {unknown}
 o - 2 potions of haste {unknown}
 q - 3 potions of curing
 r - a potion of experience {unknown}
 s - a potion of poison {unknown}
 t - 2 potions of lignification {unknown}
Books
 x - a book of Conjurations

   Spells                             Type                      Level
   a - Magic Dart                     Conjuration                  1
   b - Searing Ray                    Conjuration                  2
   c - Dazzling Spray                 Conjuration/Hexes            3
   d - Fulminant Prism                Conjuration/Hexes            4
   e - Iskenderun's Mystic Blast      Conjuration                  4
   f - Iskenderun's Battlesphere      Conjuration/Charms           5
Comestibles
 b - 4 bread rations
 p - 14 chunks of flesh
 z - a slice of pizza
 A - a meat ration
 B - a royal jelly


   Skills:
 - Level 2.4 Fighting
 - Level 2.4 Dodging
 - Level 1.1 Stealth
 + Level 9.3 Unarmed Combat


You had 6 spell levels left.
You didn't know any spells.

Dungeon Overview and Level Annotations

Branches:
Dungeon (4/15)             Temple (0/1) D:4

Altars:
Fedhas
Okawaru
The Shining One

Shops:
D:4 !


Innate Abilities, Weirdness & Mutations

You are too large for most types of armour.
You have claws for hands.
Your metabolism is lightning-fast.
You like to eat raw meat.
You heal very quickly.
You are covered in fur (AC +1).
You have very tough skin (AC +2).


Message History

* * * LOW HITPOINT WARNING * * *
The gnoll shaman calls upon its god to heal the gnoll sergeant.
The gnoll sergeant is healed somewhat.
The gnoll completely misses you.
Read which item? (? for menu, Esc to quit)
Okay, then.
You aren't carrying any items that can be evoked.
Read which item? (? for menu, Esc to quit)
As you read the scroll labeled EGUOCO GIANI, it crumbles to dust.
It is a scroll of identify.
Identify which item? (\ to view known items) (? for menu, Esc to quit)
e - a potion of resistance The gnoll sergeant closely misses you.
The gnoll hits you with a spear!
* * * LOW HITPOINT WARNING * * *
The gnoll shaman hits you with a whip.
* * * LOW HITPOINT WARNING * * *
The gnoll hits you but does no damage. The gnoll hits you with a whip.
* * * LOW HITPOINT WARNING * * *
The gnoll sergeant hits you but does no damage.
The gnoll hits you with a spear.
You die...

...........................#.g.#≈
###########''''#############...#≈
#....# ###≈ #....# #.≈≈ #....# .
#.≈≈ #....#######'' #.≈≈
#....#....g.g. #.≈≈
+....'gg...... #.≈≈
+....'@g...... #.≈≈
#8..8#gg...... #.≈≈
############## #.≈≈ #+###≈
############################...#≈
.....................(.....#gg.#≈
≈≈≈≈≈≈≈≈≈≈≈≈≈≈≈≈≈≈≈≈≈≈≈≈≈≈≈#####≈
≈≈≈≈≈≈≈≈≈≈≈≈≈≈≈≈≈≈≈≈≈≈≈≈≈≈≈≈≈≈≈≈≈
≈≈≈≈≈≈≈≈≈≈÷≈≈≈≈≈≈≈≈≈÷≈≈≈≈≈≈≈≈≈≈≈≈


You could see a gnoll sergeant, a gnoll shaman and 5 gnolls.

Vanquished Creatures
  Eustachio (D:4)
  Edmund (D:4)
  Blork the orc (D:4)
  A gnoll shaman (D:4)
  An orc wizard (D:3)
  Terence (D:2)
  An orc priest (D:3)
  A worker ant (D:4)
  3 adders
  15 gnolls
  4 worms
  4 giant geckos
  8 orcs (D:3)
  2 ball pythons
  10 bats
  3 giant cockroaches
  3 goblins
  13 hobgoblins
  28 jackals
  A quokka (D:3)
  4 giant newts
  9 kobolds
  4 rats
119 creatures vanquished.

Notes
Turn   | Place    | Note
--------------------------------------------------------------
     0 | D:1      | Volodja the Troll Monk began the quest for the Orb.
     0 | D:1      | Reached XP level 1. HP: 22/22 MP: 0/0
    35 | D:1      | Reached XP level 2. HP: 29/29 MP: 1/1
   231 | D:1      | Reached skill level 5 in Unarmed Combat
   231 | D:1      | Reached XP level 3. HP: 36/36 MP: 2/2
  1106 | D:2      | Reached XP level 4. HP: 34/44 MP: 3/3
  1141 | D:2      | Reached skill level 6 in Unarmed Combat
  1254 | D:2      | Noticed Terence
  1264 | D:2      | Killed Terence
  1264 | D:2      | Reached XP level 5. HP: 45/50 MP: 4/4
  1467 | D:3      | Reached skill level 7 in Unarmed Combat
  1741 | D:3      | Found a blossoming altar of Fedhas.
  1771 | D:3      | Found a faded altar to an unknown god.
  1779 | D:3      | Reached XP level 6. HP: 59/59 MP: 5/5
  1803 | D:3      | Found an iron altar of Okawaru.
  2042 | D:4      | Noticed Blork the orc
  2056 | D:4      | Killed Blork the orc
  2126 | D:4      | Found a staircase to the Ecumenical Temple.
  2132 | D:4      | Noticed Edmund
  2146 | D:4      | Killed Edmund
  2146 | D:4      | Reached skill level 8 in Unarmed Combat
  2175 | D:4      | Noticed Eustachio
  2235 | D:4      | Killed Eustachio
  2235 | D:4      | Reached XP level 7. HP: 43/66 MP: 6/6
  2275 | D:4      | Found Itotin's Distillery.
  2280 | D:4      | Bought a potion of heal wounds for 50 gold pieces
  2280 | D:4      | Bought a potion of curing for 30 gold pieces
  2296 | D:4      | Found a glowing golden altar of the Shining One.
  2412 | D:4      | Reached skill level 9 in Unarmed Combat
  2716 | D:4      | HP: 3/66 [gnoll/whip (1)]
  2716 | D:4      | Slain by a gnoll

Vault maps used:
D:1:      saegor_arrival_simple_e
D:2:      first_bread, uniq_terence
D:3:      lemuel_round_altar, ecumenical_altar_1, fedhas_altar_3
D:4:      lemuel_castle_with_subvaults, nicolae_tso_carved_into_rock,
          minmay_temple_entry_statues, serial_shops, shop, uniq_edmund,
          uniq_blork_the_orc, uniq_eustachio

Action                   |  1- 3 |  4- 6 |  7- 9 || total
-------------------------+-------+-------+-------++-------
Melee: Unarmed           |    84 |   145 |    57 ||   286
  Use: Scroll            |       |       |     1 ||     1
       Potion            |       |       |     1 ||     1
 Stab: Sleeping          |     1 |       |     1 ||     2
  Eat: Chunk             |    16 |    10 |     4 ||    30
